AoeStats
← cargoyle

Arena

510217874Analyzed
2v2 RM · 2d ago on Sep 30, 2026· 23m 56s· 4 players
Game mode
Random Map
Map size
Medium (4 player)
Population
200
Speed
Normal
Resources
Standard
Victory
Conquest
Starting age
Dark Age
Ending age
Imperial Age
RankedLock teamsTeams togetherTeam positionsShared explorationLock speedFull tech treeHidden civsTurbo modeCheats
Victory
Defeat
🇺🇸 Gurjaras · United States
995
+13
🇺🇸 Varangians · United States
917
+16
🇨🇦 Turks · Canada
938
-15
🇨🇦 Saxons · Canada
918
-14
cargoyle
12:07 Loom
13:53 Feudal Age
18:23 Castle Age
16:11 Double-Bit Axe
16:08 Horse Collar
16:27 Gold Mining
19:56 Padded Archer Armor
22:58 Imperial Age
Marty
5:15 Loom
10:05 Feudal Age
12:19 Double-Bit Axe
16:03 Castle Age
17:29 Wheelbarrow
19:03 Forging
18:16 Man-at-Arms
18:44 Gambesons
19:26 Scale Mail Armor
20:23 Horse Collar
Phoenixmatthew
10:40 Feudal Age
14:16 Castle Age
13:49 Double-Bit Axe
19:42 Loom
dr.kevinbubbles.ph.d
12:10 Feudal Age
16:32 Castle Age
16:28 Double-Bit Axe
17:24 Horse Collar
18:36 Bow Saw
20:07 Gold Mining
21:23 Fletching
23:54 Padded Archer Armor
Connection lost

Rejoining the realm…

Still unreachable

The connection could not be restored.

Session expired

The server has moved on; the page needs a fresh start.